Map: [ESL] Dragon Scales

Players

herO - Winner!

  • Race: Protoss Protoss
  • Spawn Location: 5:00

Astra

  • Race: Protoss Protoss
  • Spawn Location: 11:00

Event: ESL SC2 Masters 2023 Summer (Finals)

VOD

Have the link to the VOD?

Description

Time

  • Played on: June 16, 2023, 9:56 a.m.
  • Length: 8:44

All games in this series

Show
View Real Time Build Order
Export as new Build Order

herO Protoss - Winner!

Build Orders: Phoenix Opening 

Get SALT Encoding   

  12  0:00  Probe  
  13  0:12  Probe  
  14  0:17  Pylon  
  14  0:24  Probe  
  15  0:35  Gateway  
  15  0:38  Probe (Chrono Boost)  
  16  0:44  Assimilator  
  16  0:49  Probe (Chrono Boost)  
  17  0:54  Probe (Chrono Boost)  
  18  1:04  Probe  
  18  1:05  Assimilator  
  18  1:09  Pylon  
  19  1:16  Probe  
  20  1:23  Cybernetics Core  
  20  1:26  Zealot  
  20  1:29  Probe  
  23  1:41  Probe  
  24  1:53  Probe  
  25  1:57  Stalker (Chrono Boost)  
  27  2:05  Probe  
  27  2:06  Stargate  
  28  2:16  Pylon  
  28  2:19  Stalker  
  30  2:26  Probe, Warp Gate  
  30  2:52  Phoenix (Chrono Boost), Stalker  
  30  2:57  Shield Battery  
  34  3:09  Phoenix (Chrono Boost)  
  36  3:19  Nexus  
  35  3:28  Phoenix (Chrono Boost)  
  35  3:33  Probe  
  35  3:45  Probe  
  32  3:57  Probe  
  33  4:09  Probe  
  34  4:11  Shield Battery  
  34  4:19  Robotics Facility  
  34  4:22  Probe (Chrono Boost)  
  35  4:32  Probe (Chrono Boost)  
  35  4:34  Probe (Chrono Boost)  
  37  4:42  Probe x2 (Chrono Boost)  
  39  4:47  Probe (Chrono Boost)  
  39  4:48  Probe  
  41  4:55  Sentry  
  41  4:58  Probe  
  44  5:00  Probe  
  45  5:08  Observer (Chrono Boost)  
  45  5:11  Probe  
  45  5:13  Probe  
  48  5:18  Pylon  
  48  5:25  Probe  
  48  5:27  Probe, Immortal (Chrono Boost)  
  54  5:37  Probe  
  54  5:38  Sentry  
  54  5:39  Probe, Gateway  
  58  5:47  Twilight Council  
  58  5:49  Probe  
  59  5:51  Probe  
  59  5:55  Pylon  
  60  5:57  Assimilator  
  60  6:01  Probe  
  60  6:03  Probe  
  60  6:13  Observer (Chrono Boost)  
  60  6:14  Probe  
  60  6:15  Probe  
  59  6:24  Stalker  
  58  6:26  Probe  
  58  6:27  Probe  
  58  6:30  Observer (Chrono Boost)  
  59  6:37  Gateway  
  59  6:38  Probe, Charge (Chrono Boost)  
  59  6:39  Probe  
  61  6:41  Gateway  
  61  6:51  Gateway  
  61  6:53  Probe x2  
  63  6:57  Warp Prism (Chrono Boost)  
  65  7:05  Probe  
  65  7:06  Probe  
  67  7:18  Gateway  
  67  7:22  Pylon  
  67  7:23  Zealot  
  67  7:26  Pylon  
  67  7:27  Probe  
  67  7:29  Observer  
  70  7:40  Zealot  
  70  7:41  Zealot x2  
  70  7:42  Immortal (Chrono Boost)  
  81  7:59  Pylon  
  81  8:03  Zealot x3  
  84  8:23  Zealot x5  
Show
View Real Time Build Order
Export as new Build Order

Astra Protoss 

Build Orders: Oracle Opening 

Get SALT Encoding   

  12  0:02  Probe  
  13  0:14  Probe  
  14  0:18  Pylon  
  14  0:26  Probe  
  15  0:36  Gateway  
  15  0:38  Probe (Chrono Boost)  
  16  0:44  Assimilator  
  16  0:49  Probe (Chrono Boost)  
  17  0:53  Assimilator  
  17  0:54  Probe (Chrono Boost)  
  18  1:04  Probe  
  18  1:08  Gateway  
  19  1:16  Probe  
  20  1:27  Cybernetics Core  
  20  1:28  Probe  
  21  1:35  Pylon  
  21  1:45  Probe  
  22  1:57  Probe  
  23  2:03  Stargate  
  23  2:12  Stalker  
  23  2:13  Stalker  
  27  2:18  Probe  
  27  2:19  Warp Gate  
  28  2:47  Nexus  
  28  2:53  Oracle (Chrono Boost)  
  30  3:07  Pylon  
  30  3:33  Twilight Council  
  30  3:51  Probe  
  30  3:55  Shield Battery  
  28  3:59  Pylon  
  28  4:00  Probe  
  29  4:11  Pylon  
  29  4:13  Stalker x2  
  33  4:20  Dark Shrine  
  21  4:40  Stalker  
  19  4:48  Stalker  
  19  4:53  Gateway  
  17  5:12  Pylon  
  17  5:24  Gateway  
  17  5:38  Probe (Chrono Boost)  
  17  5:39  Probe (Chrono Boost)  
  19  5:49  Pylon  
  20  5:50  Probe (Chrono Boost), Dark Templar  
  20  5:55  Probe (Chrono Boost)  
  23  6:00  Probe  
  24  6:07  Probe  
  25  6:13  Probe  
  26  6:26  Probe x2  
  26  6:40  Pylon, Charge (Chrono Boost)  
  26  6:42  Probe  
  26  6:44  Probe  
  28  6:52  Stalker  
  30  6:57  Stalker  
  32  7:03  Probe x2  
  33  7:15  Probe x2  
  34  7:21  Stalker  
  36  7:22  Stalker  
  36  7:27  Probe  
  39  7:32  Shield Battery  
  39  7:34  Probe  
  40  7:39  Probe  
  40  7:43  Stalker  
  43  7:46  Probe  
  43  7:51  Probe, Zealot  
  45  7:56  Zealot  
  45  7:58  Probe  
  50  8:00  Stalker  
  52  8:07  Gateway  
  52  8:13  Gateway  
  52  8:17  Zealot  
  52  8:19  Zealot  
  52  8:26  Zealot  
Tags
 
Add a new tag
Caveats
  • Supply blocks, unpowered buildings, or Contaminate may cause inaccurate times.
  • Supply counts are checked every 10 seconds.